 Dungeon Crawl Stone Soup version 0.26-a0-720-g2a1d101370 (console) character file.

Game seed: 87110871167621307

175 om the Shield-Bearer (level 5, -2/46 HPs)
             Began as a Minotaur Fighter on Nov 3, 2020.
             Was an Initiate of Uskayaw.
             Killed from afar by an orc wizard (4 damage)
             ... with a puff of flame
             ... on level 4 of the Dungeon.
             The game lasted 00:06:56 (2463 turns).

om the Shield-Bearer (Minotaur Fighter)             Turns: 2463, Time: 00:06:57

Health: -2/46      AC:  7    Str: 22    XL:     5   Next: 29%
Magic:  2/5        EV:  8    Int:  5    God:    Uskayaw [......]
Gold:   178        SH:  9    Dex:  9    Spells: 4/4 levels left

rFire    . . .     SeeInvis .   a - +0 war axe
rCold    . . .     Faith    .   c - +0 kite shield
rNeg     . . .     Spirit   .   b - +0 scale mail
rPois    .         Reflect  .   (helmet restricted)
rElec    .         Harm     .   (no cloak)
rCorr    .         Rampage  .   (no gloves)
MR       .....                  (no boots)
Stlth    ..........             (no amulet)
HPRegen  0.15/turn              (no ring)
MPRegen  0.09/turn              (no ring)

@: lethally poisoned (-2 -> -12), stab
A: retaliatory headbutt, horns 2
a: Renounce Religion


You were on level 4 of the Dungeon.
You worshipped Uskayaw.
Uskayaw was noncommittal.
You visited 1 branch of the dungeon, and saw 4 of its levels.

You collected 178 gold pieces.

Inventory:

Hand Weapons
 a - a +0 war axe (weapon)
Armour
 b - a +0 scale mail (worn)
 c - a +0 kite shield (worn)
Scrolls
 e - 6 scrolls of teleportation {unknown}
 h - a scroll of enchant weapon {unknown}
 i - 4 scrolls of identify {unknown}
 j - a scroll of blinking {unknown}
 k - 2 scrolls of remove curse {unknown}
 n - 2 scrolls of magic mapping {unknown}
 o - 2 scrolls of amnesia {unknown}
Potions
 d - 2 potions of might
 f - a potion of lignification {unknown}
 g - a potion of stabbing
 l - a potion of heal wounds {unknown}
 m - a potion of brilliance {unknown}


   Skills:
 - Level 4.0 Fighting
 * Level 4.2 Axes
 + Level 4.4 Armour
 + Level 1.8 Dodging
 + Level 4.4 Shields
 * Level 1.7 Invocations


You had 4 spell levels left.
You didn't know any spells.
Your spell library contained the following spells:

 Spells                   Type           Power        Failure   Level
 Static Discharge         Conj/Air       #.......     100%        3
 Lightning Bolt           Conj/Air       #.........   100%        5
 Ignition                 Fire           #.........   100%        8
 Shatter                  Erth           #.........   100%        9
 Tornado                  Air            #.........   100%        9


Dungeon Overview and Level Annotations

Branches:
Dungeon (4/15)
 Temple: D:4-7

Altars:
Ashenzari
Hepliaklqana
Kikubaaqudgha
Makhleb
Qazlal
Uskayaw
Xom

Shops:
D:4 [


Innate Abilities, Weirdness & Mutations

You reflexively headbutt those who attack you in melee.
You have a pair of horns on your head.


Message History

* * * LOW HITPOINT WARNING * * *
You stomp with the beat, sending a shockwave through the revelers around you!
The orc warrior is moderately wounded.
The orc wizard is moderately wounded.
The orc priest is moderately wounded.
You can no longer stomp with the beat.
You feel sick. The orc priest hits you.
* * * LOW HITPOINT WARNING * * *
The orc wizard hits you but does no damage.
You are lethally poisoned!
Unknown command.
It was a potion of stabbing.
You feel ready to backstab.
* * * LOW HITPOINT WARNING * * *
You feel sick.
The orc warrior hits you with a +2 dire flail of protection.
* * * LOW HITPOINT WARNING * * *
The orc priest hits you.
* * * LOW HITPOINT WARNING * * *
The orc wizard points at you and mumbles some strange words.
The puff of flame hits you.
You die...

######### ........#
#.......######
######........ ....
#.####### #..# #.#
#..# #.# #..#
#.#########..#
#.........#..#
######.∩..#oo# #.#
#....#@o###.# #.#
###.........# #.#
#..##....... #.#
#....####### #)#
...<..# #.#
###....#
##.######.........
.....<....(......##
##(...........#..#
###.#####.### ....#
#


You could see an orc warrior, an orc priest and an orc wizard.

Vanquished Creatures
  A hound (D:2)
  An orc wizard (D:4)
  6 adders
  An ooze (D:3)
  2 worms (D:3)
  A leopard gecko (D:3)
  An orc (D:4)
  7 bats
  4 giant cockroaches
  6 goblins
  9 hobgoblins
  4 jackals (D:1)
  2 frilled lizards
  5 kobolds
  8 rats
58 creatures vanquished.

Notes
Turn   | Place    | Note
-------+----------+-------------------------------------------
     0 | D:1      | om the Minotaur Fighter began the quest for the Orb.
     0 | D:1      | Reached XP level 1. HP: 19/19 MP: 0/0
   286 | D:1      | Reached XP level 2. HP: 27/27 MP: 1/1
   780 | D:2      | Found a hide-covered altar of Uskayaw.
   794 | D:2      | Reached skill level 1 in Dodging
   794 | D:2      | Reached XP level 3. HP: 33/33 MP: 2/2
   796 | D:2      | Noticed a +0 dagger
   797 | D:2      | Noticed a +0 hand axe
   911 | D:2      | Became a worshipper of Uskayaw the Reveler
  1004 | D:2      | Reached * piety under Uskayaw
  1036 | D:2      | Reached ** piety under Uskayaw
  1039 | D:2      | Reached XP level 4. HP: 38/40 MP: 3/3
  1052 | D:2      | Found a burning altar of Makhleb.
  1140 | D:2      | Found a hazy altar of Hepliaklqana.
  1377 | D:2      | Found a shimmering altar of Xom.
  1412 | D:3      | Found an ancient bone altar of Kikubaaqudgha.
  1522 | D:3      | Reached skill level 1 in Invocations
  1738 | D:3      | Found a stormy altar of Qazlal.
  1960 | D:3      | Found a broken altar of Ashenzari.
  2337 | D:4      | Reached XP level 5. HP: 37/46 MP: 5/5
  2430 | D:4      | Found Haing's Antique Armour Shop.
  2458 | D:4      | Noticed an orc warrior
  2463 | D:4      | HP: 2/46 [orc priest (1)]
  2463 | D:4      | Killed from afar by an orc wizard

Illustrated notes

Levels and vault maps discovered:
D:1:      roderic_chinese_lattice_arrival, layout_basic, st_stairs_5
D:2:      layout_basic, tgw_xom, lemuel_coloured_pillars_altar,
          dancing_weapons_uskayaw, makhleb_blood_cavern_becter
D:3:      layout_basic, grunt_qazlal_clouds, lemuel_crystal_altar,
          nicolae_ashenzari_panopticon
D:4:      layout_loops_ring, lemuel_round_altar, cheibriados_altar_1,
          serial_shops, shop_coins, kennysheep_nondescript, uniq_eustachio

Skill      XL: |  1  2  3  4 |
---------------+-------------+-----
Axes           | 3 4 |  4.2
Fighting       | 4 |  4.0
Dodging        | 1 |  1.8
Armour         | 4 |  4.4
Shields        | 4 |  4.4
Invocations    | 1 |  1.7

Action                   |  1- 3 |  4- 6 || total
-------------------------+-------+-------++-------
Melee: War axe           |    75 |    53 ||   128
       Headbutt          |    11 |     5 ||    16
Invok: Stomp             |       |     1 ||     1
  Use: Potion            |       |     1 ||     1
Armor: Scale mail        |    33 |    17 ||    50
Dodge: Dodged            |    14 |    16 ||    30
Block: Kite shield       |    36 |    37 ||    73

Table legend: (Time is in decaauts)
 A = Elapsed time spent in this place.
 B = Non-inter-level travel time spent in this place.
 C = Inter-level travel time spent in this place.
 D = Time resting spent in this place.
 E = Time spent auto-exploring this place.
 F = Levels seen in this place.
 G = Mean time per level.
                   A        B        C        D        E       F      G
               +--------+--------+--------+--------+--------+-----+--------+
         Total |   2518 |   2421 |     97 |      0 |   2009 |   4 |  629.5 |
       Dungeon |   2518 |   2421 |     97 |      0 |   2009 |   4 |  629.5 |
               +--------+--------+--------+--------+--------+-----+--------+

Top non-repeatable levels by time:
     D:3: 883 daAuts
     D:1: 794 daAuts
     D:2: 653 daAuts
     D:4: 187 daAuts
